| TOP OF THE 1ST |
|
Spokane Indians batting - Pitching for Los Angeles (NYP) Angels : RHP Jon Shonka
|
|
Pitching: RHP Jon Shonka
|
|
|
Batting: RHB Luke Stark
|
0-0: Called Strike 0-1: Ball 1-1: Swinging Strike 1-2: Ground out 4-3 (Groundball, 4M, EV 100.6 MPH)
|
|
Batting: RHB Casey Nelligan
|
0-0: Foul Ball, location: 2F 0-1: Ball 1-1: Hit by Pitch
|
|
Batting: SHB Kaname Fujimoto
|
0-0: Ball Casey Nelligan steals 2nd base 1-0: Foul Ball, location: 2F 1-1: Ball 2-1: Foul Ball, location: 2F 2-2: Fly out, F7 (Flyball, 7, EV 78.1 MPH)
|
|
Batting: LHB Mike Sammons
|
0-0: Ball 1-0: Swinging Strike 1-1: Foul Ball, location: 2F 1-2: Ball Passed Ball! Casey Nelligan to third 2-2: Foul Ball, location: 2F 2-2: Ball 3-2: Base on Balls
|
|
Batting: LHB Bill Armijo
|
0-0: Ball Wild Pitch! Casey Nelligan scores Mike Sammons to second 1-0: Ball 2-0: DOUBLE (Line Drive, 7LM, EV 111.2 MPH) Mike Sammons scores
|
|
Batting: LHB Adrian Chavez
|
0-0: Called Strike 0-1: Ball Wild Pitch! Bill Armijo to third 1-1: Ball 2-1: Ball 3-1: Ground out 4-3 (Groundball, 4, EV 102.5 MPH)
|
| Top of the 1st over - 2 runs, 1 hit, 0 errors, 1 left on base; Spokane 2 - Los Angeles (NYP) 0 |
| BOTTOM OF THE 1ST |
|
Los Angeles (NYP) Angels batting - Pitching for Spokane Indians : RHP Davion Jones
|
|
Pitching: RHP Davion Jones
|
|
|
Batting: RHB Nick Lombardo
|
0-0: Ball 1-0: Called Strike 1-1: Foul Ball, location: 2F 1-2: Foul Ball, location: 2F 1-2: Ground out 4-3 (Groundball, 4, EV 95.6 MPH)
|
|
Batting: RHB Ricky Mejicanos
|
0-0: Ball 1-0: Fly out, F4 (Popup, 4MS, EV 63.1 MPH)
|
|
Batting: RHB Khalil Thurston
|
0-0: Called Strike 0-1: Called Strike 0-2: Ball 1-2: Foul Ball, location: 2F 1-2: Strikes out swinging
|
| Bottom of the 1st over - 0 runs, 0 hits, 0 errors, 0 left on base; Spokane 2 - Los Angeles (NYP) 0 |
| TOP OF THE 2ND |
|
Spokane Indians batting - Pitching for Los Angeles (NYP) Angels : RHP Jon Shonka
|
|
Batting: RHB Matt Strong
|
0-0: Called Strike 0-1: Foul Ball, location: 2F 0-2: Fly out, F7 (Line Drive, 78M, EV 93.8 MPH)
|
|
Batting: RHB Darnell Jones
|
0-0: Ball 1-0: Foul Ball, location: 2F 1-1: Ball 2-1: Ball 3-1: Base on Balls
|
|
Batting: LHB Casper Kersten
|
0-0: Called Strike Darnell Jones is caught stealing 2nd base 2-6 0-1: Fly out, F7 (Line Drive, 78M, EV 94.4 MPH)
|
| Top of the 2nd over - 0 runs, 0 hits, 0 errors, 0 left on base; Spokane 2 - Los Angeles (NYP) 0 |
| BOTTOM OF THE 2ND |
|
Los Angeles (NYP) Angels batting - Pitching for Spokane Indians : RHP Davion Jones
|
|
Batting: RHB Kinya Nishimura
|
0-0: Called Strike 0-1: Ball 1-1: Ground out 5-3 (Groundball, 56, EV 111.9 MPH)
|
|
Batting: RHB Daniel Molina
|
0-0: Called Strike 0-1: Ball 1-1: Ball 2-1: TRIPLE (Line Drive, 8LXD, EV 99.4 MPH)
|
|
Batting: SHB Adrian Orosco
|
0-0: Ball 1-0: Ball 2-0: Ground out 6-3 (Groundball, 6MS, EV 90.6 MPH) Daniel Molina scores
|
|
Batting: RHB Sean Rocha
|
0-0: Ground out 6-3 (Groundball, 6, EV 89.4 MPH)
|
| Bottom of the 2nd over - 1 run, 1 hit, 0 errors, 0 left on base; Spokane 2 - Los Angeles (NYP) 1 |
| TOP OF THE 3RD |
|
Spokane Indians batting - Pitching for Los Angeles (NYP) Angels : RHP Jon Shonka
|
|
Batting: RHB Luke Stark
|
0-0: Called Strike 0-1: Called Strike 0-2: Ball 1-2: Ball 2-2: Ball 3-2: SOLO HOME RUN (Flyball, 9LD, EV 98.8 MPH), Distance : 350 ft
|
|
Batting: RHB Casey Nelligan
|
0-0: Ball 1-0: Ball 2-0: Swinging Strike 2-1: Called Strike 2-2: SINGLE (Line Drive, 4D, EV 99.4 MPH)
|
|
Batting: SHB Kaname Fujimoto
|
0-0: Foul Ball, location: 2F 0-1: Foul Ball, location: 2F 0-2: Foul Ball, location: 2F Balk! Casey Nelligan to second 0-2: SINGLE (Groundball, 4MD, EV 103.1 MPH) Casey Nelligan to third
|
|
Batting: LHB Mike Sammons
|
0-0: Hit by Pitch Kaname Fujimoto to second
|
|
Batting: LHB Bill Armijo
|
0-0: Ball Wild Pitch! Casey Nelligan scores Kaname Fujimoto to third Mike Sammons to second Balk! Kaname Fujimoto scores Mike Sammons to third Balk! Mike Sammons scores 1-0: Ball 2-0: Foul Ball, location: 2F 2-1: SOLO HOME RUN (Flyball, 7D, EV 101.9 MPH), Distance : 393 ft
|
|
Batting: LHB Adrian Chavez
|
0-0: Ball 1-0: Swinging Strike 1-1: Ball 2-1: Ball 3-1: Called Strike 3-2: Base on Balls
|
|
Pitching: RHP Noah Pena
|
|
|
Batting: RHB Matt Strong
|
0-0: Foul Ball, location: 2F 0-1: Ball Adrian Chavez steals 2nd base 1-1: Ball 2-1: Fly out, F4 (Line Drive, 4, EV 65.6 MPH)
|
|
Batting: RHB Darnell Jones
|
0-0: Swinging Strike 0-1: Ball 1-1: Foul Ball, location: 2F 1-2: Ball 2-2: Foul Ball, location: 2F 2-2: Ball 3-2: Foul Ball, location: 2F 3-2: Fly out, F9 (Line Drive, 9, EV 98.1 MPH)
|
|
Batting: LHB Casper Kersten
|
Balk! Adrian Chavez to third 0-0: Ball 1-0: Ball 2-0: Called Strike Balk! Adrian Chavez scores 2-1: Foul Ball, location: 2F 2-2: Foul Ball, location: 2F 2-2: Foul Ball, location: 2F 2-2: Ball 3-2: Base on Balls
|
|
Batting: RHB Luke Stark
|
Balk! Casper Kersten to second 0-0: Foul Ball, location: 2F 0-1: Foul Ball, location: 2F 0-2: Ball 1-2: Ball 2-2: 2-RUN HOME RUN (Flyball, 7D, EV 99.4 MPH), Distance : 378 ft
|
|
Batting: RHB Casey Nelligan
|
0-0: Called Strike 0-1: Swinging Strike 0-2: Ground out 5-3 (Groundball, 56S, EV 88.8 MPH)
|
| Top of the 3rd over - 8 runs, 5 hits, 0 errors, 0 left on base; Spokane 10 - Los Angeles (NYP) 1 |
| BOTTOM OF THE 3RD |
|
Los Angeles (NYP) Angels batting - Pitching for Spokane Indians : RHP Davion Jones
|
|
Batting: RHB Kyle Gray
|
0-0: Foul Ball, location: 2F 0-1: Swinging Strike 0-2: Hit by Pitch
|
|
Batting: RHB Trevor Kingston
|
0-0: Ball 1-0: Called Strike 1-1: Foul Ball, location: 2F 1-2: Foul Ball, location: 2F 1-2: Foul Ball, location: 2F 1-2: Strikes out swinging
|
|
Batting: RHB Nick Lombardo
|
0-0: Ball 1-0: Ball 2-0: Called Strike 2-1: Called Strike 2-2: Strikes out swinging
|
|
Batting: RHB Ricky Mejicanos
|
0-0: Ball 1-0: Ball 2-0: SINGLE (Line Drive, 8RS, EV 87.5 MPH) Kyle Gray to second Runner from 2nd tries for 3rd, SAFE, no throw by CF
|
|
Batting: RHB Khalil Thurston
|
0-0: Swinging Strike 0-1: Ball 1-1: SINGLE (Groundball, 4D, EV 105.6 MPH) Kyle Gray scores Ricky Mejicanos to second Runner from 2nd tries for 3rd, OUT after rundown.
|
| Bottom of the 3rd over - 1 run, 2 hits, 0 errors, 1 left on base; Spokane 10 - Los Angeles (NYP) 2 |
| TOP OF THE 4TH |
|
Spokane Indians batting - Pitching for Los Angeles (NYP) Angels : RHP Noah Pena
|
|
Batting: SHB Kaname Fujimoto
|
0-0: Ball 1-0: Foul Ball, location: 2F 1-1: Ball 2-1: Ball 3-1: SOLO HOME RUN (Flyball, 89XD, EV 111.9 MPH), Distance : 420 ft
|
|
Batting: LHB Mike Sammons
|
0-0: Ball 1-0: Foul Ball, location: 2F 1-1: Swinging Strike 1-2: Ball 2-2: DOUBLE (Flyball, 8LXD, EV 108.8 MPH)
|
|
Batting: LHB Bill Armijo
|
0-0: Ball 1-0: Ball 2-0: Ball 3-0: Called Strike 3-1: Base on Balls
|
|
Batting: LHB Adrian Chavez
|
0-0: SINGLE (Groundball, 4MD, EV 100.6 MPH) Mike Sammons to third Bill Armijo to second
|
|
Batting: RHB Matt Strong
|
0-0: Fly out, F7 (Flyball, 7D, EV 103.8 MPH)
|
|
Batting: RHB Darnell Jones
|
0-0: Ball 1-0: Ball 2-0: Ball Wild Pitch! Mike Sammons scores Bill Armijo to third Adrian Chavez to second Balk! Bill Armijo scores Adrian Chavez to third 3-0: Base on Balls
|
|
Pitching: RHP Dan Myers
|
|
|
Batting: LHB Casper Kersten
|
0-0: Ball 1-0: Called Strike 1-1: Ball 2-1: Foul Ball, location: 2F 2-2: Foul Ball, location: 2F 2-2: SINGLE (Line Drive, 89M, EV 96.9 MPH) Adrian Chavez scores Darnell Jones to second
|
|
Batting: RHB Luke Stark
|
0-0: Called Strike 0-1: Ball 1-1: Foul Ball, location: 2F 1-2: Foul Ball, location: 2F 1-2: Ball 2-2: Ball 3-2: Base on Balls Darnell Jones to third Casper Kersten to second
|
|
Batting: RHB Casey Nelligan
|
0-0: Called Strike 0-1: Swinging Strike 0-2: Ball 1-2: Ball 2-2: Ball 3-2: Fly out, F7 (Flyball, 78M, EV 92.5 MPH)
|
|
Batting: SHB Kaname Fujimoto
|
0-0: Called Strike 0-1: Ball 1-1: Ball Wild Pitch! Darnell Jones scores Casper Kersten to third Luke Stark to second 2-1: SINGLE (Flyball, 56D, EV 88.8 MPH) Casper Kersten scores Luke Stark to third Runner from 3rd tries for Home, SAFE, throw by LF to home
|
|
Batting: LHB Mike Sammons
|
0-0: Ball 1-0: Ball 2-0: Ball 3-0: Called Strike 3-1: Base on Balls Kaname Fujimoto to second
|
|
Batting: LHB Bill Armijo
|
0-0: SINGLE (Flyball, 4D, EV 86.9 MPH) Kaname Fujimoto to third Mike Sammons to second Runner from 3rd tries for Home, throw by RF and OUT! 9-2
|
| Top of the 4th over - 7 runs, 6 hits, 0 errors, 2 left on base; Spokane 17 - Los Angeles (NYP) 2 |
| BOTTOM OF THE 4TH |
|
Los Angeles (NYP) Angels batting - Pitching for Spokane Indians : RHP Davion Jones
|
|
Batting: RHB Kinya Nishimura
|
0-0: Called Strike 0-1: Ground out 1-3 (Groundball, 13S, EV 73.1 MPH)
|
|
Batting: RHB Daniel Molina
|
0-0: Ball 1-0: Ball 2-0: Ground out 5-3 (Groundball, 56S, EV 80.0 MPH)
|
|
Batting: SHB Adrian Orosco
|
0-0: Ball 1-0: Ball 2-0: Called Strike 2-1: Foul Ball, location: 2F 2-2: Ground out U3 (Groundball, 3, EV 101.2 MPH)
|
| Bottom of the 4th over - 0 runs, 0 hits, 0 errors, 0 left on base; Spokane 17 - Los Angeles (NYP) 2 |
| TOP OF THE 5TH |
|
Spokane Indians batting - Pitching for Los Angeles (NYP) Angels : RHP Dan Myers
|
|
Batting: LHB Adrian Chavez
|
0-0: Ball 1-0: Fly out, F9 (Line Drive, 9, EV 104.4 MPH)
|
|
Batting: RHB Matt Strong
|
0-0: Ball 1-0: Ball 2-0: Called Strike 2-1: Ball 3-1: SINGLE (Groundball, 25, EV 69.4 MPH) (infield hit)
|
|
Batting: RHB Darnell Jones
|
0-0: Ball 1-0: Ball 2-0: Ball 3-0: Base on Balls Matt Strong to second
|
|
Batting: LHB Casper Kersten
|
0-0: Foul Ball, location: 2F 0-1: Ball 1-1: Ball 2-1: Fielders Choice at 2nd, 3-6 (Groundball, 34, EV 83.1 MPH) Matt Strong to third
|
|
Batting: RHB Luke Stark
|
0-0: Ball Wild Pitch! Matt Strong scores Casper Kersten to second 1-0: Ball 2-0: Ball 3-0: Base on Balls
|
|
Pitching: RHP Jayden Bain
|
|
|
Batting: RHB Casey Nelligan
|
0-0: Ball 1-0: Ball Wild Pitch! Casper Kersten to third Luke Stark to second 2-0: Ball 3-0: Called Strike 3-1: Ground out 6-3 (Groundball, 6, EV 78.1 MPH)
|
| Top of the 5th over - 1 run, 1 hit, 0 errors, 2 left on base; Spokane 18 - Los Angeles (NYP) 2 |
| BOTTOM OF THE 5TH |
|
Los Angeles (NYP) Angels batting - Pitching for Spokane Indians : RHP Davion Jones
|
|
Batting: RHB Sean Rocha
|
0-0: Foul Ball, location: 2F 0-1: Ball 1-1: Swinging Strike 1-2: Hit by Pitch
|
|
Batting: RHB Kyle Gray
|
0-0: Called Strike 0-1: Fly out, F7 (Flyball, 7D, EV 101.9 MPH) Runner from 1st tags up, SAFE at 2nd
|
|
Batting: RHB Trevor Kingston
|
0-0: Called Strike 0-1: Called Strike Sean Rocha steals 3rd base (no throw) 0-2: Strikes out swinging
|
|
Batting: RHB Nick Lombardo
|
0-0: Ground out 5-3 (Groundball, 5S, EV 70.0 MPH)
|
| Bottom of the 5th over - 0 runs, 0 hits, 0 errors, 1 left on base; Spokane 18 - Los Angeles (NYP) 2 |
| TOP OF THE 6TH |
|
Spokane Indians batting - Pitching for Los Angeles (NYP) Angels : RHP Jayden Bain
|
|
Batting: SHB Kaname Fujimoto
|
0-0: Ball 1-0: Ball 2-0: Ball 3-0: Base on Balls
|
|
Batting: LHB Mike Sammons
|
0-0: Called Strike 0-1: Swinging Strike 0-2: Foul Ball, location: 2F 0-2: Hit by Pitch Kaname Fujimoto to second
|
|
Batting: LHB Bill Armijo
|
0-0: Called Strike 0-1: Swinging Strike 0-2: Fly out, F7 (Flyball, 78S, EV 87.5 MPH)
|
|
Batting: LHB Adrian Chavez
|
0-0: Fielders Choice at 2nd, 4-6 (Groundball, 4, EV 88.8 MPH) Kaname Fujimoto to third
|
|
Batting: RHB Matt Strong
|
0-0: Ball 1-0: Foul Ball, location: 2F 1-1: Ball 2-1: Foul Ball, location: 2F 2-2: Fly out, F7 (Flyball, 7D, EV 104.4 MPH)
|
| Top of the 6th over - 0 runs, 0 hits, 0 errors, 2 left on base; Spokane 18 - Los Angeles (NYP) 2 |
| BOTTOM OF THE 6TH |
|
Los Angeles (NYP) Angels batting - Pitching for Spokane Indians : RHP Davion Jones
|
|
Batting: RHB Ricky Mejicanos
|
0-0: Ball 1-0: Foul Ball, location: 2F 1-1: Ball 2-1: Swinging Strike 2-2: Ball 3-2: Strikes out swinging
|
|
Batting: RHB Khalil Thurston
|
0-0: Called Strike 0-1: Foul Ball, location: 2F 0-2: Strikes out swinging
|
|
Batting: RHB Kinya Nishimura
|
0-0: Ball 1-0: Ground out 5-3 (Groundball, 56S, EV 75.6 MPH)
|
| Bottom of the 6th over - 0 runs, 0 hits, 0 errors, 0 left on base; Spokane 18 - Los Angeles (NYP) 2 |
| TOP OF THE 7TH |
|
Spokane Indians batting - Pitching for Los Angeles (NYP) Angels : RHP Jayden Bain
|
|
Batting: RHB Darnell Jones
|
0-0: Swinging Strike 0-1: Ball 1-1: Fly out, F9 (Flyball, 9S, EV 88.1 MPH)
|
|
Pinch Hitting: RHB Sal Espinosa
|
0-0: Ball 1-0: Foul Ball, location: 2F 1-1: Foul Ball, location: 2F 1-2: Ball 2-2: SINGLE (Groundball, 6MD, EV 103.8 MPH)
|
|
Pitching: RHP Wilford Harper
|
|
|
Batting: RHB Luke Stark
|
0-0: Ball 1-0: Ball 2-0: Called Strike 2-1: Ball 3-1: Base on Balls Sal Espinosa to second
|
|
Batting: RHB Casey Nelligan
|
0-0: Called Strike 0-1: Ball Wild Pitch! Sal Espinosa to third Luke Stark to second 1-1: Called Strike 1-2: Ball 2-2: Ball 3-2: Base on Balls
|
|
Batting: SHB Kaname Fujimoto
|
0-0: Ball 1-0: Ball 2-0: Called Strike 2-1: Ball 3-1: Foul Ball, location: 2F Balk! Sal Espinosa scores Luke Stark to third Casey Nelligan to second 3-2: SINGLE (Groundball, 6D, EV 99.4 MPH) Luke Stark scores Casey Nelligan to third
|
|
Batting: LHB Mike Sammons
|
0-0: Ball 1-0: Ball Wild Pitch! Casey Nelligan scores Kaname Fujimoto to second 2-0: Foul Ball, location: 2F 2-1: Swinging Strike 2-2: Foul Ball, location: 2F 2-2: Ball 3-2: Base on Balls
|
|
Batting: LHB Bill Armijo
|
0-0: Hit by Pitch Kaname Fujimoto to third Mike Sammons to second
|
|
Batting: LHB Adrian Chavez
|
0-0: Ball 1-0: Swinging Strike 1-1: Ground out 5-3 (Groundball, 56S, EV 73.1 MPH) Kaname Fujimoto scores Mike Sammons to third Bill Armijo to second
|
|
Pitching: LHP Yee Koh
|
|
|
Batting: RHB Matt Strong
|
0-0: Foul Ball, location: 2F 0-1: SINGLE (Flyball, 34D, EV 91.2 MPH) Mike Sammons scores Bill Armijo to third Runner from 3rd tries for Home, throw by RF and OUT! 9-2
|
| Top of the 7th over - 5 runs, 3 hits, 0 errors, 1 left on base; Spokane 23 - Los Angeles (NYP) 2 |
| BOTTOM OF THE 7TH |
|
Los Angeles (NYP) Angels batting - Pitching for Spokane Indians : RHP Davion Jones
|
|
Now at 3B: Sal Espinosa
|
|
|
Batting: RHB Daniel Molina
|
0-0: Ball 1-0: Called Strike 1-1: Called Strike 1-2: Strikes out swinging
|
|
Batting: SHB Adrian Orosco
|
0-0: Called Strike 0-1: Swinging Strike 0-2: Strikes out looking
|
|
Batting: RHB Sean Rocha
|
0-0: Foul Ball, location: 2F 0-1: Foul Ball, location: 2F 0-2: Fly out, F4 (Popup, 34, EV 81.2 MPH)
|
| Bottom of the 7th over - 0 runs, 0 hits, 0 errors, 0 left on base; Spokane 23 - Los Angeles (NYP) 2 |
| TOP OF THE 8TH |
|
Spokane Indians batting - Pitching for Los Angeles (NYP) Angels : LHP Yee Koh
|
|
Batting: RHB Darnell Jones
|
0-0: Foul Ball, location: 2F 0-1: Foul Ball, location: 2F 0-2: Foul Ball, location: 2F 0-2: Ball 1-2: Ball 2-2: Ball 3-2: SINGLE (Groundball, P, EV 86.9 MPH) (infield hit)
|
|
Batting: RHB Sal Espinosa
|
0-0: Ball 1-0: Ball 2-0: Ball 3-0: Base on Balls Darnell Jones to second
|
|
Batting: RHB Luke Stark
|
0-0: Ball 1-0: Ball 2-0: Ball 3-0: Called Strike 3-1: Foul Ball, location: 2F 3-2: Base on Balls Darnell Jones to third Sal Espinosa to second
|
|
Batting: RHB Casey Nelligan
|
0-0: Ball 1-0: Ball Wild Pitch! Darnell Jones scores Sal Espinosa to third Luke Stark to second 2-0: Ball 3-0: Called Strike 3-1: Base on Balls
|
|
Batting: SHB Kaname Fujimoto
|
0-0: Called Strike 0-1: Ball 1-1: Swinging Strike 1-2: Ball 2-2: Strikes out swinging
|
|
Batting: LHB Mike Sammons
|
0-0: Ball 1-0: Ball 2-0: Ball 3-0: Called Strike 3-1: Base on Balls Sal Espinosa scores Luke Stark to third Casey Nelligan to second
|
|
Batting: LHB Bill Armijo
|
0-0: Fly out, F9 (Line Drive, 9D, EV 87.5 MPH) Runner from 3rd tags up, SCORES, no throw by RF
|
|
Batting: LHB Adrian Chavez
|
0-0: SINGLE (Groundball, 6MD, EV 95.0 MPH) Casey Nelligan to third Mike Sammons to second Runner from 3rd tries for Home, throw by CF and OUT! 8-2
|
| Top of the 8th over - 3 runs, 2 hits, 0 errors, 2 left on base; Spokane 26 - Los Angeles (NYP) 2 |
| BOTTOM OF THE 8TH |
|
Los Angeles (NYP) Angels batting - Pitching for Spokane Indians : RHP Davion Jones
|
|
Pitching: RHP Cássio Blemarcick
|
|
|
Batting: RHB Kyle Gray
|
0-0: Ball 1-0: Ball 2-0: Swinging Strike 2-1: Ball 3-1: Foul Ball, location: 2F 3-2: Fly out, F3 (Popup, 3S, EV 71.2 MPH)
|
|
Batting: RHB Trevor Kingston
|
0-0: Ball 1-0: Called Strike 1-1: Called Strike 1-2: Foul Ball, location: 2F 1-2: Strikes out swinging
|
|
Batting: RHB Nick Lombardo
|
0-0: Called Strike 0-1: Ball 1-1: Ball 2-1: Fly out, F9 (Flyball, 9, EV 86.2 MPH)
|
| Bottom of the 8th over - 0 runs, 0 hits, 0 errors, 0 left on base; Spokane 26 - Los Angeles (NYP) 2 |
| TOP OF THE 9TH |
|
Spokane Indians batting - Pitching for Los Angeles (NYP) Angels : LHP Yee Koh
|
|
Batting: RHB Matt Strong
|
0-0: Ball 1-0: Called Strike 1-1: Foul Ball, location: 2F 1-2: TRIPLE (Line Drive, 9LD, EV 103.8 MPH)
|
|
Batting: RHB Darnell Jones
|
0-0: Swinging Strike 0-1: Swinging Strike 0-2: Ball 1-2: Foul Ball, location: 2F 1-2: Strikes out looking
|
|
Batting: RHB Sal Espinosa
|
0-0: Called Strike 0-1: Ball 1-1: Ball 2-1: Ground out 6-3 (Groundball, 6M, EV 83.8 MPH) Matt Strong scores
|
|
Batting: RHB Luke Stark
|
0-0: Ball 1-0: Ball 2-0: Ball 3-0: Called Strike 3-1: Base on Balls
|
|
Batting: RHB Casey Nelligan
|
0-0: Ball 1-0: Fly out, F7 (Flyball, 7, EV 89.4 MPH)
|
| Top of the 9th over - 1 run, 1 hit, 0 errors, 1 left on base; Spokane 27 - Los Angeles (NYP) 2 |
| BOTTOM OF THE 9TH |
|
Los Angeles (NYP) Angels batting - Pitching for Spokane Indians : RHP Cássio Blemarcick
|
|
Batting: RHB Ricky Mejicanos
|
0-0: Fly out, F4 (Popup, 4M, EV 73.1 MPH)
|
|
Batting: RHB Khalil Thurston
|
0-0: Ball 1-0: Foul Ball, location: 2F 1-1: Fly out, F9 (Line Drive, 89M, EV 102.5 MPH)
|
|
Batting: RHB Kinya Nishimura
|
0-0: Ball 1-0: Foul Ball, location: 2F 1-1: Ball 2-1: Called Strike 2-2: Foul Ball, location: 2F 2-2: Foul Ball, location: 2F 2-2: Ball 3-2: Strikes out looking
|
| Bottom of the 9th over - 0 runs, 0 hits, 0 errors, 0 left on base; Spokane 27 - Los Angeles (NYP) 2 |
|